 Dungeon Crawl Stone Soup version 0.23.2-40-g277498a001 (webtiles) character file.

Game seed: 799384558186813990

2143 Hylith the Skirmisher (level 9, 0/69 (72) HPs)
             Began as a Demonspawn Fighter on Sept 25, 2019.
             Was a Believer of Makhleb.
             Slain by Menkaure (9 damage)
             ... on level 7 of the Dungeon.
             The game lasted 00:20:21 (9775 turns).

Hylith the Skirmisher (Demonspawn Fighter)          Turns: 9775, Time: 00:20:22

HP:   0/69 (72)     AC: 10    Str: 20    XL:     9   Next: 9%
MP:   9/9           EV: 13    Int: 10    God:    Makhleb [**....]
Gold: 315           SH:  5    Dex: 12    Spells: 5/8 levels left

rFire    . . .     SeeInvis .   x - -3 flail (curse)
rCold    . . .     Gourm    .   u - +0 buckler
rNeg     . . .     Faith    .   a - +0 scale mail
rPois    .         Spirit   .   g - +0 helmet
rElec    .         Reflect  .   n - +0 cloak
rCorr    .         Harm     .   (no gloves)
MR       .....                  q - +0 pair of boots
Stlth    +.........             t - amulet of the acrobat
HPRegen  0.21/turn              (no ring)
MPRegen  0.11/turn              (no ring)

@: drained
A: claws 1, powered by death 2, sturdy frame 3
a: Minor Destruction, Renounce Religion


You were on level 7 of the Dungeon.
You worshipped Makhleb.
Makhleb was pleased with you.
You were very hungry.

You visited 1 branch of the dungeon, and saw 7 of its levels.

You collected 315 gold pieces.

Inventory:

Hand Weapons
 h - a +3 whip of pain
 x - a cursed -3 flail (weapon)
Armour
 a - a +0 scale mail (worn)
 b - a +1 shield
 g - a +0 helmet (worn)
 n - a +0 cloak (worn)
 q - a +0 pair of boots (worn)
 u - a +0 buckler (worn)
Jewellery
 t - an amulet of the acrobat (around neck)
Scrolls
 e - 3 scrolls of fog
 i - 2 scrolls of amnesia
 k - a scroll of enchant armour
 m - a scroll of teleportation
 o - 4 scrolls of identify
 w - 2 scrolls of enchant weapon
Potions
 c - 4 potions of might
 f - a potion of heal wounds
 p - a potion of brilliance {unknown}
 s - a potion of degeneration {unknown}
 v - 3 potions of flight
Comestibles
 d - 9 rations


   Skills:
 + Level 7.1(6.1) Fighting
 + Level 5.7(4.7) Armour
 + Level 4.1(3.2) Dodging
 - Level 5.0(4.0) Shields
 + Level 5.0(4.0) Unarmed Combat


You had 5 spell levels left.
You knew the following spells:

 Your Spells              Type           Power        Failure   Level  Hunger
c - Mephitic Cloud        Conj/Pois/Air  #.......     78%         3    ####...

Your spell library contained the following spells:

 Spells                   Type           Power        Failure   Level  Hunger
 Confusing Touch          Hex            #.....       41%         1    ##.....
 Corona                   Hex            #......      41%         1    ##.....
 Ensorcelled Hibernation  Hex/Ice        #.....       54%         2    ###....
 Poisonous Vapours        Pois/Air       #.....       54%         2    ###....
 Confuse                  Hex            #.......     78%         3    ####...
 Conjure Flame            Conj/Fire      #.......     78%         3    ####...
 Dazzling Spray           Conj/Hex       #.....       78%         3    ####...
 Gell's Gravitas          Tloc           #.........   78%         3    ####...
 Tukima's Dance           Hex            #.......     78%         3    ####...
 Petrify                  Tmut/Erth      #.......     99%         4    #####..
 Metabolic Englaciation   Hex/Ice        #.........   100%        5    ######.
 Yara's Violent Unravell  Hex/Tmut       #.........   100%        5    ######.
 Freezing Cloud           Conj/Ice/Air   #.........   100%        6    #######
 Ring of Flames           Chrm/Fire      #.........   100%        7    #######


Dungeon Overview and Level Annotations

Branches:
Dungeon (7/15)             Temple (0/1) D:6

Altars:
Ashenzari
Gozag
Makhleb
Trog
Uskayaw
Xom
Zin

Annotations:
D:7 Menkaure


Innate Abilities, Weirdness & Mutations

You have sharp fingernails.
You regenerate health from kills.
Your movements are significantly less encumbered by armour. (ER -6)


Message History

The necrophage is almost destroyed.
The necrophage completely misses you.
You hit the necrophage.
You destroy the necrophage!
Makhleb accepts your kill.
You feel better.
Your base Unarmed Combat skill increases to level 5!
You barely miss Menkaure. Menkaure hits you!
* * * LOW HITPOINT WARNING * * *
Menkaure calls on the powers of darkness!
Your body is wracked with pain!
* * * LOW HITPOINT WARNING * * *
The crimson imp blinks!
Aiming: Cloud Cone
Press: ? - help, Dir - move target cursor You create a blast of poison gas!
The now-empty wand crumbles to dust.
Menkaure hits you.
* * * LOW HITPOINT WARNING * * *
You barely miss Menkaure. Menkaure hits you!
You die...

###### ####
#...☼##################...
+....§○☼M@............'...
#.5.☼#####....#########...
#.###....#####.....########...
.......).'.........'..........
#........#######...###########
.........# #...# ...).....#
#...# .....##### #...# ..###
....# ####


You could see Menkaure and a crimson imp.

Vanquished Creatures
  3 sky beasts
  An ogre (D:4)
  2 necrophages
  2 centaurs
  2 bullfrogs
  A water moccasin skeleton (D:3)
  A scorpion (D:6)
  7 killer bees
  A howler monkey (D:4)
  A wight (D:7)
  A crimson imp (D:6)
  A quasit (D:5)
  A bullfrog zombie (D:6)
  3 orc priests
  7 hounds
  2 jellies
  A bullfrog skeleton (D:5)
  2 worker ants
  An orc wizard (D:7)
  A worker ant zombie (D:5)
  8 gnolls
  A howler monkey zombie (D:6)
  5 adders
  A shadow imp (D:6)
  An ooze (D:2)
  A worm (D:3)
  A dart slug (D:2)
  6 leopard geckos
  15 orcs
  12 bats
  3 giant cockroaches
  6 goblins
  10 hobgoblins
  5 jackals
  4 kobolds
  2 quokkas (D:2)
  5 ball pythons
  8 frilled lizards
  A giant cockroach zombie (D:5)
  A quokka skeleton (D:7)
  14 rats
151 creatures vanquished.

Vanquished Creatures (collateral kills)
  A killer bee (D:6)
1 creature vanquished.

Grand Total: 152 creatures vanquished

Notes
Turn   | Place    | Note
-------+----------+-------------------------------------------
     0 | D:1      | Hylith the Demonspawn Fighter began the quest for the Orb.
     0 | D:1      | Reached XP level 1. HP: 18/18 MP: 1/1
   267 | D:1      | Gained mutation: Your movements are slightly less
                  | encumbered by armour. (ER -2) [demonic ancestry]
   267 | D:1      | Reached XP level 2. HP: 18/24 MP: 2/2
   639 | D:1      | Gained mutation: Your movements are less encumbered by
                  | armour. (ER -4) [demonic ancestry]
   639 | D:1      | Reached XP level 3. HP: 28/29 MP: 3/3
  1131 | D:2      | Reached skill level 4 in Fighting
  1131 | D:2      | Reached XP level 4. HP: 33/38 MP: 4/4
  2191 | D:2      | Gained mutation: Your movements are significantly less
                  | encumbered by armour. (ER -6) [demonic ancestry]
  2191 | D:2      | Reached XP level 5. HP: 43/43 MP: 5/5
  2509 | D:2      | Reached skill level 5 in Fighting
  3175 | D:3      | Reached XP level 6. HP: 38/51 MP: 6/6
  3648 | D:4      | Found a burning altar of Makhleb.
  3653 | D:4      | Found a glowing silver altar of Zin.
  3653 | D:4      | Noticed an angel
  3655 | D:4      | Noticed a blizzard demon
  3657 | D:4      | Became a worshipper of Makhleb the Destroyer
  3828 | D:4      | Reached skill level 1 in Dodging
  4030 | D:4      | Gained mutation: You have sharp fingernails. [demonic
                  | ancestry]
  4030 | D:4      | Reached XP level 7. HP: 50/57 MP: 7/7
  4065 | D:4      | Found a shattered altar of Ashenzari.
  4429 | D:5      | Entered Level 5 of the Dungeon
  5003 | D:5      | Noticed a +0 dagger
  5004 | D:5      | Found a hide-covered altar of Uskayaw.
  5007 | D:5      | Noticed a +0 dagger
  5024 | D:5      | Reached skill level 6 in Fighting
  5076 | D:5      | Reached * piety under Makhleb
  5731 | D:5      | Found an opulent altar of Gozag.
  5732 | D:5      | Found a bloodstained altar of Trog.
  6324 | D:6      | Gained mutation: You regenerate a little health from kills.
                  | [demonic ancestry]
  6324 | D:6      | Reached XP level 8. HP: 64/64 MP: 8/8
  6337 | D:6      | Found a glowing silver altar of Zin.
  7079 | D:6      | Reached skill level 5 in Shields
  7093 | D:6      | Reached skill level 5 in Armour
  7113 | D:6      | Found a shimmering altar of Xom.
  7140 | D:6      | Found a staircase to the Ecumenical Temple.
  8655 | D:7      | Learned a level 3 spell: Mephitic Cloud
  8664 | D:7      | Reached ** piety under Makhleb
  9135 | D:7      | Reached skill level 7 in Fighting
  9474 | D:7      | Gained mutation: You regenerate health from kills. [demonic
                  | ancestry]
  9474 | D:7      | Reached XP level 9. HP: 61/72 MP: 9/9
  9756 | D:7      | Noticed Menkaure
  9771 | D:7      | Reached skill level 5 in Unarmed Combat
  9775 | D:7      | Slain by Menkaure

Skill      XL: |  1  2  3  4  5  6  7  8  9 |
---------------+----------------------------+-----
Unarmed Combat | 2 3 4 5 |  5.0
Shields        | 3 4 5 |  5.0
Armour         | 3 4 5 |  5.7
Fighting       | 4 5 6 7 |  7.1
Dodging        | 1 2 4 |  4.1

Action                   |  1- 3 |  4- 6 |  7- 9 || total
-------------------------+-------+-------+-------++-------
Melee: Unarmed           |   154 |       |    64 ||   218
       Whip              |    41 |   246 |       ||   287
       Flail             |       |       |   700 ||   700
Evoke: Wand              |       |       |     7 ||     7
  Use: Scroll            |     4 |       |     8 ||    12
       Potion            |       |       |     7 ||     7
 Stab: Sleeping          |       |     1 |       ||     1
       Distracted        |       |       |     1 ||     1
       Confused          |       |       |     3 ||     3
  Eat: Chunk             |     1 |    10 |    12 ||    23
       Ration            |       |       |     2 ||     2
Armor: Scale mail        |    77 |   104 |   458 ||   639
Dodge: Dodged            |    58 |    85 |   460 ||   603
Block: Shield            |    92 |   122 |   220 ||   434
       Buckler           |       |       |   113 ||   113
